 Dungeon Crawl Stone Soup version 0.29-a0-350-g7790a0e70a (webtiles) character file.

Game seed: 1155643571220562834

194 spaghetti the Twirler (level 5, -7/34 (37) HPs)
             Began as a Demonspawn Wanderer on Apr 22, 2022.
             Was a Believer of Cheibriados.
             Mangled by a wight
             ... wielding a +4 trident
              (8 damage)
             ... on level 4 of the Dungeon.
             The game lasted 00:05:40 (3506 turns).

spaghetti the Twirler (Demonspawn Wanderer)         Turns: 3506, Time: 00:05:41

HP:   -7/34 (37)    AC:  5    Str: 19    XL:     5   Next: 44%
MP:   6/6           EV: 10    Int: 19    God:    Cheibriados [**....]
Gold: 208           SH:  0    Dex: 14    Spells: 6/6 levels left

rFire   + . .      SeeInvis .   b - +0 quarterstaff (vorpal) {staff}
rCold   + . .      Faith    .   (shield currently unavailable)
rNeg    . . .      Spirit   .   c - +0 ring mail
rPois   +          Reflect  .   (helmet restricted)
rElec   +          Harm     .   (no cloak)
rCorr   +          Rampage  .   (no gloves)
Will    .....                   (no boots)
Stlth   +.........              (no amulet)
HPRegen 0.11/turn               (no ring)
MPRegen 0.10/turn               (no ring)

@: mighty, resistant, drained, very slow
A: antennae 2, foul stench 1
a: Renounce Religion, Bend Time


You were on level 4 of the Dungeon.
You worshipped Cheibriados.
Cheibriados was pleased with you.
You visited 1 branch of the dungeon, and saw 4 of its levels.

You collected 208 gold pieces.


Innate Abilities, Weirdness & Mutations

You have a pair of antennae on your head.
You may rarely emit foul miasma when damaged in melee.


   Skills:
 - Level 1.3 Fighting
 + Level 6.5 Staves
 - Level 1.2 Bows
 - Level 2.0 Armour
 - Level 1.2 Spellcasting


You had 6 spell levels left.
You didn't know any spells.
Your spell library was empty.

Inventory:

Hand Weapons
 a - a +3 hunting sling {sling}
   (You found it on level 2 of the Dungeon)
 b - a +0 vorpal quarterstaff (weapon) {staff}
 r - a +0 shortbow {bow}
Missiles
 h - 95 stones {throwing}
 l - 3 atropa-tipped darts {throwing}
Armour
 c - a +0 ring mail (worn)
Scrolls
 d - a scroll of blinking {!r}
 f - 3 scrolls of magic mapping {unknown}
 g - 2 scrolls of teleportation {unknown}
 k - a scroll of fog {unknown}
 n - a scroll of identify {unknown}
 p - 2 scrolls of noise {unknown}
 s - a scroll of amnesia {unknown}
 t - 2 scrolls of enchant weapon {unknown}
Potions
 e - a potion of resistance
 i - a potion of might
 j - a potion of cancellation {unknown}
 m - a potion of degeneration {unknown}
 o - a potion of ambrosia {unknown}
 q - a potion of flight {unknown}
 u - a potion of mutation {unknown}

Dungeon Overview and Level Annotations

Branches:
Dungeon (4/15)
 Temple: D:4-7

Altars:
Cheibriados
Fedhas
The Shining One
Beogh

Annotations:
D:3 3 runed translucent doors, Darius099's ghost, amateur GrFi

#. ...#....
.##..#...
.....#..
.......##
#.#>....#
#.#.....##.#
#.#..z......
#<#.@...#
#.#)....#
#......##
########


You could see a wight.


Message History

You shoot a sling bullet. The sling bullet hits the bat.
You kill the bat!
Cheibriados thoroughly appreciates the change of pace.
No target in view!
u - a fuming blue potion Key pressed, stopping explore.
Key pressed, stopping explore.
There is a stone staircase leading up here.
Key pressed, stopping explore.
The orc shouts! x2; You hear a shout! x3; The orc shouts!
You sense a monster nearby.
No reachable target in view!
The orc shouts!
The orc shouts!
You hear a shout!
Found a roughly hewn altar of Beogh.
The orc shouts!
Found a glowing scarf.
The orc shouts!
You sense a monster nearby.
You sense a monster nearby.
Could not explore, unopened runed door.
Could not explore, unopened runed door.
(D) Dungeon
Where to? (Enter - D:3, ? - help)
There is a stone staircase leading down here.
You climb downwards.
There is a stone staircase leading up here.
A wight comes into view. It is wielding a +0 falchion.
Found a stone staircase leading down.
A wight is nearby!
A wight is nearby!
You shoot a sling bullet.
The sling bullet closely misses the wight.
You shoot a sling bullet. The sling bullet hits the wight.
b - a +0 vorpal quarterstaff (weapon)
{staff} You closely miss the wight.
The wight hits you but does no damage.
You hit the wight but do no damage. The wight barely misses you.
You barely miss the wight. The wight hits you with a +0 falchion.
You feel drained. 😕 HP[-7]
You now have 36 max hp (-1).
You take 7 damage, and now have 30/36 hp.
Unknown command.
You sock the wight!
The wight hits you with a +0 falchion. 😮 HP[-3]
You take 3 damage, and now have 27/36 hp.
You thump the wight!
You destroy the wight!
Cheibriados thoroughly appreciates the change of pace.
Your life force feels restored.
You now have 37 max hp (+1).
a - a +3 hunting sling (weapon)
{sling} Key pressed, stopping explore.
A wight comes into view. It is wielding a +4 trident.
Things that are here:
a +0 falchion {long}; a +0 robe; 😎 HP[+10]
Your hp is fully restored (37).
A wight is nearby!
A wight is nearby!
You shoot a sling bullet.
The sling bullet barely misses the wight.
You shoot a sling bullet.
The sling bullet hits the wight but does no damage.
You shoot a sling bullet.
The sling bullet closely misses the wight.
The wight hits you from afar with a +4 trident!
You feel drained. 😮 HP[-10]
You now have 36 max hp (-1).
You take 10 damage, and now have 27/36 hp.
MASSIVE DAMAGE!! (PAUSE)
b - a +0 vorpal quarterstaff (weapon)
{staff} The wight hits you from afar with a +4 trident.
You feel drained. 😮 HP[-6]
You now have 35 max hp (-1).
You take 6 damage, and now have 21/35 hp.
Unknown command.
The wight hits you with a +4 trident.
* * * LOW HITPOINT WARNING * * *
You feel drained. 😨 HP[-4]
You now have 34 max hp (-1).
You take 4 damage, and now have 17/34 hp.
Unknown command.
You barely miss the wight. The wight hits you with a +4 trident!
* * * LOW HITPOINT WARNING * * *
😱 HP[-13]
You take 13 damage, and now have 4/34 hp.
MASSIVE DAMAGE!! (PAUSE) It was a potion of resistance.
You feel protected. The wight hits you with a +4 trident.
* * * LOW HITPOINT WARNING * * *
😱 HP[-3]
You take 3 damage, and now have 1/34 hp.
It was a potion of might.
You feel very mighty all of a sudden. The wight hits you with a +4 trident!
You die...

Skill      XL: |  1  2  3  4 |
---------------+-------------+-----
Armour         | 2 |  2.0
Staves         | 5 6 |  6.5
Fighting       | |  1.3
Bows           | |  1.2
Spellcasting   | |  1.2

Action                   |  1- 3 |  4- 6 || total
-------------------------+-------+-------++-------
Melee: Quarterstaff      |    23 |    27 ||    50
 Fire: Shortbow          |   134 |       ||   134
       Hunting sling     |     4 |    87 ||    91
  Use: Potion            |       |     2 ||     2
Armor: Ring mail         |    33 |    26 ||    59
Dodge: Dodged            |    55 |    23 ||    78

Levels and vault maps discovered:
D:1:      psy_arrival_radial01, layout_loops_ring, minmay_misc_feat_tower
D:2:      layout_basic, hellmonk_ecumenical_altar_pennies_from_heaven,
          hangedman_decor_points
D:3:      layout_basic, mainiacjoe_overflow_divided_tiny,
          biasface_ghost_orc_armoury, minmay_unequal
D:4:      layout_loops_cross, gammafunk_ghost_stat_death, hangedman_decor_push,
          minmay_cupped

Notes
Turn   | Place    | Note
-------+----------+-------------------------------------------
     0 | D:1      | spaghetti the Demonspawn Wanderer began the quest for the
                  | Orb.
     0 | D:1      | spaghetti set off with the following items: a +0 vorpal
                  | quarterstaff {staff}, a +0 shortbow {bow}, a +0 ring mail,
                  | a scroll of blinking {!r}
     0 | D:1      | Reached XP level 1. HP: 15/15 MP: 2/2
     0 | D:1      | magus.rc [v1.9.6]
   103 | D:1      | Gained mutation: You have a pair of small antennae on your
                  | head. [demonic ancestry]
   103 | D:1      | Reached XP level 2. HP: 21/21 MP: 3/3
   159 | D:1      | Reached skill level 2 in Armour
   804 | D:1      | Reached skill level 5 in Staves
   840 | D:1      | Reached XP level 3. HP: 25/26 MP: 4/4
  1155 | D:2      | HP: 6/26 [poisoned by an adder]
  2024 | D:2      | Gained mutation: You may rarely emit foul miasma when
                  | damaged in melee. [demonic ancestry]
  2024 | D:2      | Reached XP level 4. HP: 25/32 MP: 5/5
  2311 | D:2      | Found a faded altar of an unknown god.
  2324 | D:2      | Prayed at the altar of an unknown god.
  2324 | D:2      | Became a worshipper of Cheibriados the Contemplative
  2324 | D:2      | Reached * piety under Cheibriados
  2486 | D:3      | Found a blossoming altar of Fedhas.
  2813 | D:3      | Reached ** piety under Cheibriados
  2851 | D:3      | Reached skill level 6 in Staves
  2883 | D:3      | Found a runed translucent gate.
  2901 | D:3      | Noticed Darius099's ghost (amateur GrFi)
  2902 | D:3      | Found a runed translucent gate.
  2902 | D:3      | Identified the +8 dagger of the Morning {vorpal, rElec rF+
                  | MP+9}
  2902 | D:3      | Identified the +1 ring mail "Gyggacal" {Str+7 Int+4}
  2903 | D:3      | Found a runed translucent gate.
  3174 | D:3      | Gained mutation: You have a pair of antennae on your head.
                  | [demonic ancestry]
  3174 | D:3      | Reached XP level 5. HP: 37/37 MP: 6/6
  3504 | D:4      | HP: 4/34 [wight/+4 trident (13)]
  3505 | D:4      | HP: 1/34 [wight/+4 trident (3)]
  3506 | D:4      | Mangled by a wight

Vanquished Creatures
  A wight (D:4)
  3 adders
  3 worms (D:3)
  5 dart slugs
  An orc (D:3)
  9 bats
  8 endoplasms
  2 giant cockroaches (D:1)
  8 goblins
  4 hobgoblins
  9 jackals
  5 quokkas
  4 ball pythons
  2 frilled lizards (D:1)
  15 kobolds
  6 rats
85 creatures vanquished.

Table legend:
 A = Non-vault XP
 B = Vault XP
 C = Vault XP percentage of total XP
 D = Non-vault monster count
 E = Vault monster count
 F = Vault count percentage of total count
                 A         B        C        D         E       F
            +---------+---------+-------+---------+---------+-------
      Total |     269 |       9 |   3.2 |      82 |       3 |   3.5
            +---------+---------+-------+---------+---------+-------
        D:1 |      45 |       0 |   0.0 |      28 |       0 |   0.0
        D:2 |      73 |       0 |   0.0 |      25 |       0 |   0.0
        D:3 |      73 |       9 |  11.0 |      28 |       3 |   9.7
        D:4 |      78 |       0 |   0.0 |       1 |       0 |   0.0
            +---------+---------+-------+---------+---------+-------

Illustrated notes

Table legend:
 A = Kills in this place as a percentage of kills in entire the game.
 B = Kills by you in this place as a percentage of kills by you in the entire game.
 C = Kills by friends in this place as a percentage of kills by friends in the entire game.
 D = Other kills in this place as a percentage of other kills in the entire game.
 E = Experience gained in this place as a percentage of experience gained in the entire game.
 F = Experience gained in this place divided by the number of levels of this place that you have seen.
                   A       B       C       D       E      F
               +-------+-------+-------+-------+-------+----------------------
         Total | 100.0 | 100.0 |   N/A |   N/A | 100.0 |  69.5
       Dungeon | 100.0 | 100.0 |   N/A |   N/A | 100.0 |  69.5
               +-------+-------+-------+-------+-------+----------------------

Table legend: (Time is in decaauts)
 A = Elapsed time spent in this place.
 B = Non-inter-level travel time spent in this place.
 C = Inter-level travel time spent in this place.
 D = Time resting spent in this place.
 E = Time spent auto-exploring this place.
 F = Levels seen in this place.
 G = Mean time per level.
                   A        B        C        D        E       F      G
               +--------+--------+--------+--------+--------+-----+--------+
         Total |   3983 |   3870 |    113 |    360 |   2917 |   4 |  995.8 |
       Dungeon |   3983 |   3870 |    113 |    360 |   2917 |   4 |  995.8 |
               +--------+--------+--------+--------+--------+-----+--------+

Top non-repeatable levels by time:
     D:2: 1404 daAuts
     D:3: 1373 daAuts
     D:1: 1104 daAuts
     D:4: 101 daAuts
